 Dungeon Crawl Stone Soup version 0.29.1-15-g9cfb28693d (webtiles) character file.

Game seed: 10898435688130582874

266550 safid the Cryomancer (level 20, -13/164 HPs)
             Began as a Merfolk Ice Elementalist on Mar 14, 2023.
             Was the Champion of Vehumet.
             Mangled by a caustic shrike (23 damage)
             ... on level 1 of the Depths.
             The game lasted 02:09:03 (60354 turns).

safid the Cryomancer (Merfolk Ice Elementalist)    Turns: 60354, Time: 02:09:03

Health: -13/164    AC: 11    Str: 13    XL:     20   Next: 10%
Magic:  27/54      EV: 19    Int: 24    God:    Vehumet [******]
Gold:   1267       SH: 18    Dex: 18    Spells: 14/43 levels left

rFire   . . .      SeeInvis +   w - +10 morningstar "Eos" {elec, Halo rElec}
rCold   + . .      Faith    .   Q - +4 kite shield {reflect}
rNeg    + + .      Spirit   .   a - +1 robe {Will+}
rPois   +          Reflect  +   r - +2 helmet
rElec   +          Harm     .   W - +2 cloak "Wiaba" {MP+9 Str+3 Dex+3 SInv}
rCorr   .          Rampage  .   V - +2 pair of gloves "Iwkaotics" {*Corrode rElec rPois Str+4}
Will    +++++      Clarity  +   T - +2 pair of boots {Stlth+}
Stlth   ++........              X - amulet of the Four Winds {rN+ Will+++ Clar}
HPRegen 0.37/turn               I - ring of protection from cold
MPRegen 0.34/turn               K - ring "Xuvacsemat" {rN+ MP+9 Str-3 Int+2}

@: ice-armoured, corroded, glowing
A: (nimble swimmer 2), mertail
}: 2/15 runes: serpentine, barnacled
a: Renounce Religion


You were on level 1 of the Depths.
You worshipped Vehumet.
Vehumet was exalted by your worship.
You visited 8 branches of the dungeon, and saw 33 of its levels.
You also visited: Bailey and Volcano.

You collected 3149 gold pieces.
You spent 1882 gold pieces at shops.

Inventory:

Hand Weapons
 w - the +10 morningstar "Eos" (weapon) {elec, Halo rElec}
   (You found it on level 1 of the Snake Pit)

   It occasionally discharges a powerful burst of electricity upon striking a
   foe.
   It grants its wielder a halo, revealing invisible creatures and increasing
   accuracy against all within it other than the wielder.
   rElec:     It insulates you from electricity.
Missiles
 q - 7 curare-tipped darts
 y - 6 throwing nets
Armour
 a - a +1 robe of willpower (worn)
 r - a +2 helmet (worn)
 J - the +2 pair of gloves of Terror {rElec rF- Int+4 SInv}
   (You found it on level 8 of the Dungeon)

   Int:       It affects your intelligence (+4).
   rF:        It makes you vulnerable to fire.
   rElec:     It insulates you from electricity.
   SInv:      It lets you see invisible.
 Q - a +4 kite shield of reflection (worn)
 T - a +2 pair of boots of stealth (worn)
 V - the +2 pair of gloves "Iwkaotics" (worn) {*Corrode rElec rPois Str+4}
   (You bought it in a shop on level 2 of the Orcish Mines)

   Str:       It affects your strength (+4).
   rElec:     It insulates you from electricity.
   rPois:     It protects you from poison.
   *Corrode:  It may corrode you when you take damage.
 W - the +2 cloak "Wiaba" (worn) {MP+9 Str+3 Dex+3 SInv}
   (You bought it in a shop on level 2 of the Orcish Mines)

   Str:       It affects your strength (+3).
   Dex:       It affects your dexterity (+3).
   MP:        It affects your magic capacity (+9).
   SInv:      It lets you see invisible.
Jewellery
 f - a ring of protection from fire
 o - a ring of resist corrosion
 F - the amulet "Oxay" {Spirit rF++ Will-}
   (You found it on level 7 of the Dungeon)

   [amulet of guardian spirit]

   It causes incoming damage to be divided between your reserves of health and
   magic.
   rF:        It greatly protects you from fire.
   Will:      It decreases your willpower.
 I - a ring of protection from cold (left hand)
 K - the ring "Xuvacsemat" (right hand) {rN+ MP+9 Str-3 Int+2}
   (You bought it in a shop on level 2 of the Orcish Mines)

   [ring of magical power]

   Str:       It affects your strength (-3).
   Int:       It affects your intelligence (+2).
   rN:        It protects you from negative energy.
   MP:        It affects your magic capacity (+9).
 X - the amulet of the Four Winds (around neck) {rN+ Will+++ Clar}
   (You found it on level 2 of the Snake Pit)

   [amulet of nothing]

   rN:        It protects you from negative energy.
   Clar:      It protects you against confusion.
   Will:      It greatly increases your willpower.
 Y - a ring of flight
Wands
 h - a wand of paralysis (20)
 x - a wand of digging (3)
 B - a wand of flame (54)
 C - a wand of iceblast (43)
 G - a wand of mindburst (22)
 S - a wand of polymorph (3)
 U - a wand of quicksilver (11)
Scrolls
 j - 15 scrolls of teleportation
 k - 4 scrolls of fear
 l - 2 scrolls of blinking
 m - 4 scrolls of magic mapping
 A - 4 scrolls of fog
 L - 3 scrolls of amnesia
 N - 2 scrolls of silence
 Z - a scroll of enchant armour
Potions
 b - a potion of magic
 c - 2 potions of resistance
 e - 3 potions of invisibility
 g - a potion of berserk rage
 i - 6 potions of mutation
 t - 2 potions of brilliance
 u - 4 potions of haste
 v - 13 potions of curing
 z - 4 potions of cancellation
 D - 5 potions of lignification
 E - a potion of ambrosia
Miscellaneous
 P - a phial of floods
 R - a condenser vane


   Skills:
 - Level 16.0 Fighting
 - Level 12.0 Dodging
 - Level 2.1 Stealth
 - Level 14.0 Shields
 - Level 12.0 Spellcasting
 - Level 4.6 Conjurations
 + Level 10.3 Transmutations
 - Level 25.0 Ice Magic


You had 14 spell levels left.
You knew the following spells:

 Your Spells              Type           Power      Damage    Failure   Level
a - Dragon Form           Tmut           29%        N/A       67%         7
b - Frozen Ramparts       Ice            100%       1d16      0%          3
c - Ozocubu's Armour      Ice            94%        N/A       0%          3
d - Hailstorm             Conj/Ice       71%        3d15      1%          4
e - Ozocubu's Refrigerat  Ice            47%        4d17      1%          7
f - Freezing Cloud        Conj/Ice/Air   29%        6-21      1%          5

Your spell library contained the following spells:

 Spells                   Type           Power      Damage    Failure   Level
 Lehudib's Crystal Spear  Conj/Erth      12%        10d4      100%        8
 Maxwell's Capacitive Co  Air            7%         ∞         100%        8
 Chain Lightning          Conj/Air       12%        3d16      100%        9
 Freeze                   Ice            100%       1d11      0%          1
 Magic Dart               Conj           100%       1d8       1%          1
 Metabolic Englaciation   Hex/Ice        32%        N/A       1%          5
 Mephitic Cloud           Conj/Pois/Air  21%        N/A       3%          3
 Simulacrum               Ice/Necr       32%        N/A       7%          6
 Slow                     Hex            56%        N/A       8%          1
 Iskenderun's Battlesphe  Conj           36%        2d9       9%          5
 Call Imp                 Summ           14%        N/A       12%         2
 Fireball                 Conj/Fire      12%        3d7       22%         5
 Confusing Touch          Hex            14%        N/A       24%         3
 Summon Guardian Golem    Hex/Summ       14%        N/A       24%         3
 Vampiric Draining        Necr           14%        2d7       24%         3
 Animate Dead             Necr           14%        N/A       61%         4
 Cause Fear               Hex            7%         N/A       61%         4
 Conjure Ball Lightning   Conj/Air       12%        3x3d6     71%         6
 Borgnjor's Vile Clutch   Necr/Erth      7%         N/A       91%         5
 Summon Mana Viper        Hex/Summ       14%        N/A       91%         5
 Orb of Destruction       Conj           18%        9d8       91%         7
 Spellforged Servitor     Conj/Summ      12%        N/A       99%         7
 Death Channel            Necr           7%         N/A       100%        6
 Haunt                    Necr/Summ      7%         N/A       100%        7
 Dragon's Call            Summ           7%         N/A       100%        9


Dungeon Overview and Level Annotations

Branches:
Dungeon (15/15)            Temple (1/1) D:4            Lair (5/5) D:9
 Shoals (4/4) Lair:3        Snake (4/4) Lair:2        Slime (0/5) Lair:4
    Orc (2/2) D:12            Elf (1/3) Orc:2        Vaults (0/5) D:14
 Depths (1/4) D:15         Bailey (visited)         Volcano (visited)

Altars:
Ashenzari
Cheibriados
Dithmenos
Elyvilon
Fedhas
Gozag
Hepliaklqana
Kikubaaqudgha
Makhleb
Nemelex Xobeh
Okawaru
Qazlal
Ru
Sif Muna
Trog
Uskayaw
Vehumet
Wu Jian
Xom
Yredelemnul
Zin
The Shining One
Jiyva

Shops:
Orc:2 [(=?   Snake:1 *   Snake:4 ==:

Portals:
Ziggurat: Depths:1

Annotations:
D:14 Nessos
Lair:4 3 runed translucent doors, SuperSeabass's ghost, journeyman DjAM
Elf:1 Frances


Innate Abilities, Weirdness & Mutations

((You are very nimble when in or above water. (Stealth+, EV+, Speed+++)))
Your lower body shifts to a powerful aquatic tail in water.


Message History

Unknown command.
The caustic shrike claws you!!
You are splashed with acid.
Unknown command.
Casting: Ozocubu's Refrigeration (mildly dangerous; 1% risk of failure)
Confirm with . or Enter, or press ? or * to list all spells.
A film of ice covers your body!
You block the caustic shrike's attack. x2
Your fire dragon bites the caustic shrike!
Your fire dragon closely misses the caustic shrike.
Your fire dragon tramples the caustic shrike!
The caustic shrike holds its ground!
The caustic shrike claws your fire dragon but does no damage.
The caustic shrike claws your fire dragon!!
Your fire dragon is splashed with acid.
The acid corrodes your fire dragon!
Your fire dragon misses the caustic shrike.
Your fire dragon claws the caustic shrike.
Your fire dragon completely misses the caustic shrike.
Unknown command.
You catch the helpless caustic shrike completely off-guard!
You thump the caustic shrike!
The caustic shrike is severely wounded.
You block the caustic shrike's attack. x2
Your fire dragon bites the caustic shrike!
Your fire dragon claws the caustic shrike!
Your fire dragon tramples the caustic shrike.
The caustic shrike holds its ground!
The caustic shrike claws you!
* * * LOW HITPOINT WARNING * * *
The acid corrodes you!
You are splashed with acid.
* * * LOW HITPOINT WARNING * * *
Your fire dragon breathes flames at the caustic shrike.
The blast of flame hits the caustic shrike!
The caustic shrike resists.
Unknown command.
You barely miss the caustic shrike.
The caustic shrike is almost dead.
The caustic shrike claws you!!
* * * LOW HITPOINT WARNING * * *
You are splashed with acid!
* * * LOW HITPOINT WARNING * * *
The caustic shrike claws you!!
You die...

####.......######.#.######...#
#.............[)..........#
####.........................#
...+.................[....####
####.........####.........# .#
#.........# ##.##.###.#
.##########'## #.##.# #.#
............######.##.###.#
.#####.#######.b@.........# .#
#.# ##D###.##.#####
+#####.######..###.##.#
....##.......~.....##.#
..b.##.#####.~...####.#
....+..# #..~..####.###
.(..##.# ##............#
...###+####...G..####.#.#
...'....[......~.# #.#.#


You could see a caustic shrike (ally target) and a friendly fire dragon
(summoned, catching breath, corroded).

Vanquished Creatures
  Jorgrun (D:12)
  Rupert (D:14)
  2 krakens
  Donald (Snake:1)
  Ilsuiw (Shoals:4)
  3 nagarajas (Snake:4)
  An iron dragon (Depths:1)
  A fire giant (Depths:1)
  Louise (Shoals:2)
  An orc warlord (Bailey)
  3 stone giants (Depths:1)
  Azrael (D:12)
  The ghost of roninjake the Eclecticist, a journeyman DEEE of Vehumet (Snake:1)
  Snorg (Lair:4)
  5 merfolk javelineers
  9 merfolk impalers
  An ettin (Depths:1)
  3 fire dragons
  An ice dragon (Depths:1)
  Fannar (Orc:1)
  7 boulder beetles
  A salamander tyrant (Snake:4)
  12 hydras
  19 naga warriors
  5 centaur warriors
  9 merfolk aquamancers
  7 merfolk avatars
  10 anacondas
  2 catoblepae (Depths:1)
  A satyr (Shoals:3)
  3 dancing weapons (Elf:1)
  A tengu warrior (Depths:1)
  5 two-headed ogres
  4 deep troll shamans (Depths:1)
  2 death yaks (Lair:4)
  A hell knight (Volcano)
  7 orc high priests (Orc:2)
  Urug (D:14)
  2 deep elf knights (Elf:1)
  3 shock serpents
  13 naga sharpshooters
  3 salamander mystics
  2 skeletal warriors
  2 iron trolls (Depths:1)
  5 deep trolls (Depths:1)
  3 deep elf archers (Elf:1)
  6 naga ritualists
  13 sea snakes
  A phantasmal warrior (D:15)
  A wizard (D:8)
  A tengu zombie (D:15)
  An orc sorcerer (Orc:1)
  12 deep elf pyromancers
  6 deep elf zephyrmancers (Elf:1)
  A necromancer (D:15)
  2 orc knights (Orc:2)
  9 mana vipers
  2 lindwurms (Lair:5)
  25 harpies
  20 fauns
  18 manticores
  18 salamanders
  21 ugly things
  8 cyclopes
  8 merfolk sirens
  An iron dragon skeleton (D:15)
  Maurice (Orc:1)
  25 naga magi
  5 guardian serpents
  4 molten gargoyles
  3 water nymphs
  44 black mambas
  A fire giant skeleton (D:15)
  A torpor snail (Lair:4)
  9 cane toads
  A rime drake (Lair:2)
  A freezing wraith (D:15)
  A yaktaur (D:15)
  2 efreet (D:14)
  A tengu conjurer (D:13)
  14 komodo dragons
  6 trolls
  A wind drake (shapeshifter) (D:13)
  4 polar bears (Lair:5)
  21 merfolk
  3 wind drakes
  An ettin zombie (D:15)
  A hornet (D:9)
  14 slime creatures
  Prince Ribbit (D:8)
  13 blink frogs
  5 snapping turtles
  6 dream sheep
  An air elemental (Elf:1)
  A culicivora (shapeshifter) (D:13)
  11 water elementals
  3 vampires
  4 wraiths
  47 yaks
  7 wyverns
  2 shadows (D:11)
  16 humans (D:14)
  2 steam dragons (Lair:5)
  2 fire bats (Volcano)
  Grum (D:9)
  7 basilisks
  3 fire elementals (D:12)
  50 nagas
  6 vampire mosquitoes
  7 wargs (Orc:2)
  8 hell hounds
  26 water moccasins
  An acid dragon (D:12)
  A floating eye (shapeshifter) (Depths:1)
  3 ice beasts
  23 orc warriors
  8 wolves
  3 sky beasts
  9 ogres
  13 centaurs
  2 phantoms (D:4)
  A kobold brigand (D:4)
  7 bullfrogs
  2 necrophages
  7 earth elementals (Depths:1)
  2 scorpions
  17 wights
  4 killer bees (D:9)
  6 howler monkeys
  An electric eel (Lair:1)
  9 lava snakes
  A bullfrog zombie (D:4)
  4 hounds
  32 orc priests
  3 gnoll boudas
  3 jellies
  2 iguanas
  24 orc wizards
  Natasha (twice) (D:4)
  5 hell rats (Lair:5)
  Robin (D:4)
  6 adders
  19 gnolls
  A white imp (D:6)
  2 ufetubi
  2 adder zombies (D:4)
  A worm (D:4)
  3 dart slugs
  90 orcs
  7 endoplasms
  4 giant cockroaches
  16 goblins
  10 hobgoblins
  2 jackals (D:1)
  4 quokkas
  6 ball pythons
  2 bats
  5 frilled lizards
  14 kobolds
  5 rats
  A fire vortex (Depths:1)
  6 tentacles
1138 creatures vanquished.

Vanquished Creatures (others)
  An angel (D:5)
  A snapping turtle (shapeshifter) (Elf:1)
  2 water elementals (Elf:1)
  An air elemental (Elf:1)
  2 nagas
  An orc (Orc:1)
  55 fungi
  280 plants
  3 tentacles
  25 withered plants
371 creatures vanquished.

Grand Total: 1509 creatures vanquished

Notes
Turn   | Place    | Note
-------+----------+-------------------------------------------
     0 | D:1      | safid the Merfolk Ice Elementalist began the quest for the
                  | Orb.
     0 | D:1      | Reached XP level 1. HP: 13/13 MP: 3/3
   456 | D:1      | Reached XP level 2. HP: 20/20 MP: 5/5
   468 | D:1      | Reached skill level 1 in Fighting
   959 | D:1      | Reached XP level 3. HP: 25/26 MP: 6/6
  2038 | D:2      | Learned a level 3 spell: Frozen Ramparts
  2042 | D:2      | Learned a level 3 spell: Ozocubu's Armour
  2154 | D:2      | Reached skill level 5 in Ice Magic
  2154 | D:2      | Reached XP level 4. HP: 28/33 MP: 5/8
  2466 | D:3      | Found a faded altar of an unknown god.
  2466 | D:3      | Found a hazy altar of Hepliaklqana.
  2468 | D:3      | Found a faded altar of an unknown god.
  2515 | D:3      | Found a sacrificial altar of Ru.
  2935 | D:3      | Reached XP level 5. HP: 26/39 MP: 0/9
  3676 | D:4      | Found a snail-covered altar of Cheibriados.
  3681 | D:4      | Noticed a kobold brigand
  3695 | D:4      | Killed a kobold brigand
  3862 | D:4      | Noticed Robin
  3873 | D:4      | Killed Robin
  3874 | D:4      | Reached XP level 6. HP: 42/47 MP: 2/11
  3970 | D:4      | Found a staircase to the Ecumenical Temple.
  3979 | Temple   | Entered the Ecumenical Temple
  3984 | Temple   | Became a worshipper of Vehumet
  4232 | D:4      | Learned a level 4 spell: Hailstorm
  4413 | D:4      | Noticed Natasha
  4428 | D:4      | Reached skill level 6 in Ice Magic
  4434 | D:4      | Killed Natasha
  4751 | D:4      | Reached XP level 7. HP: 44/54 MP: 10/13
  4888 | D:4      | Noticed Natasha
  4895 | D:4      | Killed Natasha
  5100 | D:5      | Entered Level 5 of the Dungeon
  5232 | D:5      | Noticed an angel
  5403 | D:5      | Found a glowing golden altar of the Shining One.
  5557 | D:5      | Found a shimmering altar of Xom.
  5557 | D:5      | Found a glowing silver altar of Zin.
  5578 | D:5      | Reached skill level 5 in Fighting
  5757 | D:5      | Identified the +7 whip "Ziwky" {vorpal, Int+3 SInv}
  5911 | D:5      | Found a sparkling altar of Nemelex Xobeh.
  5920 | D:5      | Reached skill level 7 in Ice Magic
  6040 | D:5      | Reached XP level 8. HP: 43/62 MP: 15/15
  6159 | D:5      | Reached skill level 5 in Spellcasting
  6205 | D:5      | Killed an angel
  6356 | D:6      | Reached * piety under Vehumet
  6356 | D:6      | Offered knowledge of Foxfire by Vehumet.
  6879 | D:6      | Found a burning altar of Makhleb.
  6882 | D:6      | Found a blossoming altar of Fedhas.
  7077 | D:6      | Reached skill level 8 in Ice Magic
  7744 | D:6      | Noticed a troll
  7752 | D:6      | Killed a troll
  7753 | D:6      | Reached XP level 9. HP: 43/72 MP: 11/18
  8447 | D:7      | Found a flagged portal.
  8468 | Bailey   | Entered a bailey
  8493 | Bailey   | Offered knowledge of Static Discharge by Vehumet.
  8494 | Bailey   | Reached ** piety under Vehumet
  8545 | Bailey   | Noticed an orc warlord
  8574 | Bailey   | Reached skill level 9 in Ice Magic
  9044 | Bailey   | Found a runed translucent gate.
  9047 | Bailey   | Found a runed translucent gate.
  9049 | Bailey   | Found a runed translucent gate.
  9341 | Bailey   | Killed an orc warlord
  9342 | Bailey   | Reached skill level 10 in Ice Magic
  9342 | Bailey   | Reached XP level 10. HP: 32/80 MP: 15/22
  9550 | Bailey   | Acquired Sif Muna's Lectures on Summoned Congelation
  9560 | Bailey   | Learned a level 7 spell: Ozocubu's Refrigeration
  9956 | D:7      | Offered knowledge of Stone Arrow by Vehumet.
 10077 | D:7      | Found a stormy altar of Qazlal.
 10077 | D:7      | Found a basalt altar of Yredelemnul.
 10521 | D:7      | Identified the amulet "Oxay" {Spirit rF++ Will-}
 10637 | D:7      | Reached *** piety under Vehumet
 10808 | D:8      | Reached skill level 11 in Ice Magic
 11207 | D:8      | Noticed Prince Ribbit
 11217 | D:8      | Killed Prince Ribbit
 11348 | D:8      | Offered knowledge of Dazzling Flash by Vehumet.
 11548 | D:8      | Noticed a wizard
 11572 | D:8      | Killed a wizard
 11619 | D:8      | Identified the +2 pair of gloves of Terror {rElec rF- Int+4
                  | SInv}
 12221 | D:9      | Noticed Grum
 12224 | D:9      | Noticed a fire dragon
 12228 | D:9      | Reached skill level 12 in Ice Magic
 12229 | D:9      | Killed Grum
 12230 | D:9      | Reached XP level 11. HP: 66/86 MP: 15/24
 12231 | D:9      | Killed a fire dragon
 12232 | D:9      | Reached skill level 10 in Spellcasting
 12310 | D:9      | Found a staircase to the Lair.
 12363 | D:9      | Reached **** piety under Vehumet
 13093 | Lair:1   | Entered Level 1 of the Lair of Beasts
 13093 | Lair:1   | You fall into a shaft and drop 1 floor!
 13202 | Lair:1   | Offered knowledge of Olgreb's Toxic Radiance by Vehumet.
 13827 | Lair:1   | Reached skill level 13 in Ice Magic
 14357 | Lair:1   | Identified the +1 plate armour "Qoetemi" {rN+ Slay+2
                  | Stlth+}
 15325 | Lair:2   | Reached skill level 14 in Ice Magic
 15327 | Lair:2   | Reached XP level 12. HP: 42/92 MP: 2/27
 15884 | Lair:2   | Found a staircase to the Snake Pit.
 16572 | Lair:3   | Reached skill level 15 in Ice Magic
 17580 | Lair:3   | Noticed a five-headed hydra
 17585 | Lair:3   | Killed a five-headed hydra
 17586 | Lair:3   | Reached skill level 16 in Ice Magic
 17680 | Lair:3   | Found a staircase to the Shoals.
 17712 | Lair:3   | Reached ***** piety under Vehumet
 17788 | Lair:3   | Noticed a six-headed hydra
 17793 | Lair:3   | Killed a six-headed hydra
 17897 | Lair:3   | Offered knowledge of Freezing Cloud by Vehumet.
 17905 | Lair:3   | Learned a level 5 spell: Freezing Cloud
 18223 | Lair:3   | Noticed a five-headed hydra
 18231 | Lair:3   | Killed a five-headed hydra
 18898 | Lair:4   | Reached skill level 17 in Ice Magic
 18945 | Lair:4   | Found a runed translucent gate.
 18946 | Lair:4   | Found a runed translucent gate.
 18946 | Lair:4   | Noticed SuperSeabass's ghost (journeyman DjAM)
 18947 | Lair:4   | Found a runed translucent gate.
 18990 | Lair:4   | Noticed a death yak
 18995 | Lair:4   | Noticed a death yak
 18997 | Lair:4   | Reached XP level 13. HP: 83/98 MP: 20/29
 19301 | Lair:4   | Noticed Snorg
 19319 | Lair:4   | Killed Snorg
 19320 | Lair:4   | Reached skill level 18 in Ice Magic
 19908 | Lair:4   | Found a viscous altar of Jiyva.
 19908 | Lair:4   | Found a staircase to the Slime Pits.
 20397 | Lair:5   | Entered Level 5 of the Lair of Beasts
 20944 | Lair:5   | Reached skill level 19 in Ice Magic
 22330 | Lair:5   | Reached skill level 20 in Ice Magic
 22621 | Lair:5   | Reached skill level 1 in Conjurations
 22741 | Lair:5   | Offered knowledge of Iron Shot by Vehumet.
 22742 | Lair:5   | Reached XP level 14. HP: 105/105 MP: 16/30
 23806 | Lair:5   | Found a large runed translucent door.
 23806 | Lair:5   | Found a large runed translucent door.
 24106 | D:10     | Entered Level 10 of the Dungeon
 24628 | D:10     | Found the +4 dagger "Morg" {pain, Will+ Int+5}
 24810 | D:10     | Identified the +6 quarterstaff "Hydrabane" {flame, Drain
                  | rF+ Str+3 Dex+4}
 24840 | D:10     | Found a broken altar of Ashenzari.
 26497 | D:12     | Reached skill level 10 in Fighting
 26497 | D:12     | Reached XP level 15. HP: 117/117 MP: 31/31
 26499 | D:12     | Noticed Jorgrun
 26517 | D:12     | Killed Jorgrun
 27214 | D:12     | Found a staircase to the Orcish Mines.
 27466 | D:12     | Reached skill level 21 in Ice Magic
 27643 | D:12     | Noticed Azrael
 27650 | D:12     | Killed Azrael
 28430 | Orc:1    | Entered Level 1 of the Orcish Mines
 28430 | Orc:1    | Noticed Fannar
 28622 | Orc:1    | Killed Fannar
 28636 | Orc:1    | Found a dark tunnel.
 28643 | Volcano  | Entered a volcano
 29413 | Volcano  | Found a radiant altar of Vehumet.
 30495 | Orc:1    | Offered knowledge of Yara's Violent Unravelling by Vehumet.
 30592 | Orc:1    | Noticed Maurice
 30595 | Orc:1    | Killed Maurice
 30817 | Orc:2    | Entered Level 2 of the Orcish Mines
 31031 | Orc:2    | Found a staircase to the Elven Halls.
 31701 | Orc:2    | Reached XP level 16. HP: 127/127 MP: 7/32
 32377 | Orc:2    | Reached skill level 22 in Ice Magic
 32664 | Orc:2    | Found Xaolavej's Magic Scroll Shoppe.
 32664 | Orc:2    | Found Okhlois's Jewellery Shop.
 32885 | Orc:2    | Found Hogomp's Weapon Shoppe.
 32885 | Orc:2    | Found Kicaoron's Armour Shop.
 33198 | Orc:2    | Bought the ring "Xuvacsemat" {rN+ MP+9 Str-3 Int+2} for 320
                  | gold pieces
 33230 | Orc:2    | Bought the +2 pair of gloves "Iwkaotics" {*Corrode rElec
                  | rPois Str+4} for 426 gold pieces
 33230 | Orc:2    | Bought the +2 cloak "Wiaba" {MP+9 Str+3 Dex+3 SInv} for 686
                  | gold pieces
 33261 | Orc:2    | Bought a scroll of magic mapping for 127 gold pieces
 33261 | Orc:2    | Bought a scroll of fear for 68 gold pieces
 33261 | Orc:2    | Bought a scroll of amnesia for 68 gold pieces
 33261 | Orc:2    | Bought a scroll of blinking for 127 gold pieces
 33726 | D:13     | Offered knowledge of Starburst by Vehumet.
 33799 | D:13     | Identified the +7 long sword of Drought {elec, Will+ Str-2
                  | Int+2}
 33919 | D:13     | Found a stormy altar of Qazlal.
 34816 | D:14     | Reached skill level 5 in Dodging
 35655 | D:14     | Noticed Nessos
 35656 | D:14     | Noticed Rupert
 35661 | D:14     | Noticed Urug
 35930 | D:14     | Killed Urug
 35985 | D:14     | Paralysed by Rupert for 3 turns
 35988 | D:14     | Killed Rupert
 36081 | D:14     | Found a gate to the Vaults.
 36192 | D:15     | Entered Level 15 of the Dungeon
 36192 | D:15     | Found a staircase to the Depths.
 36354 | D:15     | Reached skill level 23 in Ice Magic
 39271 | Snake:1  | Entered Level 1 of the Snake Pit
 39310 | Snake:1  | Offered knowledge of Eringya's Noxious Bog by Vehumet.
 39420 | Snake:1  | Found a large runed translucent door.
 39420 | Snake:1  | Found a large runed translucent door.
 39422 | Snake:1  | Noticed roninjake's ghost (journeyman DEEE)
 39422 | Snake:1  | Found the +10 morningstar "Eos" {elec, Halo rElec}
 39438 | Snake:1  | Noticed Donald
 39448 | Snake:1  | Killed Donald
 39685 | Snake:1  | Reached skill level 1 in Transmutations
 39803 | Snake:1  | Reached skill level 1 in Shields
 39803 | Snake:1  | Reached XP level 17. HP: 137/137 MP: 28/33
 40479 | Snake:1  | Found Duqear's General Store.
 40487 | Snake:1  | Bought a potion of heal wounds for 60 gold pieces
 40600 | Snake:1  | Killed roninjake's ghost
 41362 | Snake:2  | Found the amulet of the Four Winds {rN+ Will+++ Clar}
 42863 | Snake:3  | Reached skill level 5 in Shields
 43039 | Snake:3  | Identified the +6 spear of Radicalism {flame, rPois rF+++
                  | Will- Str-2}
 43058 | Snake:3  | Reached skill level 10 in Dodging
 43344 | Snake:3  | Reached skill level 5 in Transmutations
 44986 | Snake:3  | Reached ****** piety under Vehumet
 45415 | Snake:4  | Entered Level 4 of the Snake Pit
 45427 | Snake:4  | Offered knowledge of Lightning Bolt by Vehumet.
 45663 | Snake:4  | Reached XP level 18. HP: 117/147 MP: 20/34
 46046 | Snake:4  | Found Astreiwa's Jewellery Shoppe.
 46047 | Snake:4  | Found Kauth's Book Shop.
 46048 | Snake:4  | Found Jeniemif's Jewellery Shoppe.
 47248 | Snake:4  | Got a serpentine rune of Zot
 47694 | Depths:1 | Entered Level 1 of the Depths
 48457 | Depths:1 | Reached skill level 24 in Ice Magic
 49327 | Depths:1 | Reached skill level 15 in Fighting
 49499 | Depths:1 | Offered knowledge of Ignition by Vehumet.
 49898 | Depths:1 | Found a one-way gateway to a ziggurat.
 50040 | Depths:1 | Noticed a caustic shrike
 50044 | Depths:1 | Noticed a caustic shrike
 50141 | Depths:1 | Noticed a caustic shrike
 50557 | Depths:1 | Noticed a caustic shrike
 50557 | Depths:1 | Noticed a caustic shrike
 50759 | Shoals:1 | Entered Level 1 of the Shoals
 51018 | Shoals:1 | Reached skill level 10 in Shields
 52346 | Shoals:2 | Reached XP level 19. HP: 152/155 MP: 35/35
 52733 | Shoals:2 | Noticed Louise
 52738 | Shoals:2 | Killed Louise
 52980 | Shoals:2 | Offered knowledge of Lehudib's Crystal Spear by Vehumet.
 52980 | Shoals:2 | Offered knowledge of Chain Lightning by Vehumet.
 52980 | Shoals:2 | Offered knowledge of Maxwell's Capacitive Coupling by
                  | Vehumet.
 53557 | Shoals:2 | You fall into a shaft and drop 1 floor!
 55875 | Shoals:4 | Entered Level 4 of the Shoals
 56137 | Shoals:4 | Noticed Ilsuiw
 56162 | Shoals:4 | Killed Ilsuiw
 56397 | Shoals:4 | Learned a level 7 spell: Dragon Form
 56639 | Shoals:4 | Identified the +4 tower shield of Terror {Contam rElec SInv
                  | Stlth-}
 57635 | Shoals:4 | Got a barnacled rune of Zot
 58171 | Shoals:4 | Reached skill level 25 in Ice Magic
 58267 | Shoals:4 | Identified the +2 pair of gloves of Oschuunytz {Stlth+}
 58441 | Shoals:4 | Identified the +3 scale mail of the Elven Halls {rC+}
 58716 | Elf:1    | Entered Level 1 of the Elven Halls
 58923 | Elf:1    | Noticed Frances
 59303 | Elf:1    | Reached XP level 20. HP: 164/164 MP: 24/36
 59616 | Elf:1    | Reached skill level 10 in Transmutations
 60354 | Depths:1 | Mangled by a caustic shrike

Illustrated notes

Levels and vault maps discovered:
D:1:      heliophobic_arrival_ceremonial_halls, layout_basic, st_stairs_2,
          minmay_3d_cube
D:2:      layout_basic
D:3:      layout_basic, nicolae_hepliaklqana_ecumenical_no_more,
          nicolae_ru_sacrificial_ziggurat
D:4:      layout_basic, nicolae_overflow_crystal_walls,
          minmay_temple_entry_glass, serial_undead, serial_undead_c,
          serial_undead_b, serial_undead_b, serial_undead_f, uniq_robin,
          uniq_natasha
D:5:      layout_basic, grunt_temple_overflow_order_and_chaos_1,
          nicolae_tso_carved_into_rock, nemelex_diamond_rough_becter
D:6:      layout_basic, mainiacjoe_overflow_big_doors, minmay_small_thing
D:7:      layout_loops_corners, gammafunk_temple_overflow_wave, enter_bailey_2
D:8:      cheibrodos_wizards_tower, layout_loops_ring, st_stairs_10,
          lightli_corner_chamber, uniq_prince_ribbit1
D:9:      layout_loops_ring, minmay_lair_entry_lava, uniq_grum
D:10:     layout_roguey, lemuel_round_altar
D:11:     layout_rooms
D:12:     layout_basic, orc_0_dummy, uniq_jorgrun, uniq_azrael
D:13:     layout_roguey, nicolae_qazlal_general_emergency
D:14:     layout_cave_pods, david_vaults_3, serial_park_tiny_pond
D:15:     gammafunk_depths_entry_grave, layout_loops_corners
Temple:   hellmonk_temple_micro_hex
Lair:1:   layout_gridlike
Lair:2:   layout_loops_ring, minmay_snake_entry_six_corridors,
          grunt_megastairs_1
Lair:3:   layout_small_grid, minmay_shoals_entry_centaurs, grunt_megastairs_5
Lair:4:   layout_roguey, dpeg_slime_entry_enclosed, gammafunk_ghost_split,
          infiniplex_staircase_pool_2, uniq_snorg
Lair:5:   cheibrodos_lair_end_hotspot, layout_regular_city
Shoals:1: layout_shoals, nicolae_shoals_aquamancer_cove
Shoals:2: layout_shoals, uniq_louise
Shoals:3: layout_shoals
Shoals:4: shoals_end_simple, layout_shoals, shoals_ilsuiw_ice
Snake:1:  layout_gridlike, ebering_ghost_disaster_area, serial_shops,
          nicolae_diamond_shop, uniq_donald
Snake:2:  nicolae_snake_nest, layout_cave_town, hangedman_snake_corridor_split,
          lemuel_fruit_tree
Snake:3:  layout_cave_town
Snake:4:  snake_pit, layout_basic, minmay_shop_grove
Orc:1:    layout_caves, enter_volcano_2, uniq_fannar, uniq_maurice, uniq_urug
Orc:2:    st_orc_town, layout_diamond_mine
Elf:1:    nicolae_elf_arrival_fired_up, layout_geoelf_diagonals, minivault_28,
          uniq_frances
Depths:1: layout_gridlike, enter_ziggurat_a, grunt_hell_entry_dis_old,
          kennysheep_boxes, chequers_serial_rivers_micro_c,
          hangedman_cracks_in_the_wall, serial_bayou_shore_b

Skill      XL: |  1  2  3  4  5  6  7  8  9 10 11 12 13 14 15 16 17 18 19 20 |
---------------+-------------------------------------------------------------+-----
Fighting       | 1 2 3 4 5 7 8 10 12 13 14 15 16 | 16.0
Ice Magic      | 5 6 7 8 10 12 14 17 20 21 23 24 25 | 25.0
Spellcasting   | 3 4 6 8 9 11 12 | 12.0
Dodging        | 3 4 8 10 12 | 12.0
Conjurations   | 1 4 |  4.6
Transmutations | 1 6 8 9 10 | 10.3
Shields        | 1 7 10 13 14 | 14.0
Stealth        | |  2.1

Action                   |  1- 3 |  4- 6 |  7- 9 | 10-12 | 13-15 | 16-18 | 19-21 || total
-------------------------+-------+-------+-------+-------+-------+-------+-------++-------
Melee: Mace              |    41 |     6 |       |       |       |       |       ||    47
       Punch             |     1 |     3 |     2 |     2 |     2 |     5 |       ||    15
       Spear             |       |    91 |    51 |       |       |       |       ||   142
       Whip              |       |       |   144 |   203 |   213 |    17 |       ||   577
       Tailslap          |       |       |     1 |     2 |       |       |     4 ||     7
       Long sword        |       |       |       |       |       |    89 |       ||    89
       Morningstar       |       |       |       |       |       |   129 |    47 ||   176
 Cast: Freeze            |    41 |     8 |    13 |     9 |    17 |     3 |       ||    91
       Frozen Ramparts   |       |    11 |    31 |    55 |    22 |    35 |     7 ||   161
       Ozocubu's Armour  |       |     7 |    22 |    22 |    16 |    28 |     8 ||   103
       Hailstorm         |       |       |     2 |    15 |       |     2 |       ||    19
       Ozocubu's Refrige |       |       |       |    58 |   232 |   516 |   253 ||  1059
       Freezing Cloud    |       |       |       |       |     1 |       |       ||     1
Evoke: Wand              |       |       |       |       |       |     4 |       ||     4
  Use: Scroll            |       |       |    18 |    10 |     4 |    13 |     6 ||    51
       Potion            |       |       |     7 |     1 |     5 |     4 |    11 ||    28
 Stab: Sleeping          |     1 |     5 |     1 |     1 |       |       |       ||     8
       Distracted        |     1 |       |       |       |       |     1 |     1 ||     3
Armor: Robe              |    11 |    21 |    54 |    90 |   198 |   209 |    64 ||   647
Dodge: Dodged            |    45 |    43 |   128 |   151 |   277 |   404 |   153 ||  1201
Block: Kite shield       |       |       |       |       |       |   262 |   220 ||   482
       Reflection        |       |       |       |       |       |    45 |    20 ||    65
